Map: Terraform LE (Void)

Players

Atreus - Winner!

  • Race: Zerg Zerg
  • League: Grandmaster

wabbajack

  • Race: Zerg Zerg
  • League: Grandmaster

VOD

Have the link to the VOD?

Description

Time

  • Played on: July 14, 2015, 2:45 p.m.
  • Length: 8:00
Show
View Real Time Build Order
Export as new Build Order

Atreus Zerg - Winner!

Build Orders: Hatch First 

Get SALT Encoding   

  12  0:01  Drone  
  13  0:10  Drone  
  13  0:14  Extractor  
  13  0:15  Drone  
  15  0:40  Hatchery  
  14  0:44  Extractor  
  14  0:45  Drone  
  15  0:59  Spawning Pool  
  15  1:03  Extractor  
  13  1:05  Drone  
  13  1:10  Extractor  
  13  1:11  Drone  
  15  1:19  Overlord  
  15  1:42  Drone x3  
  15  1:46  Queen  
  20  1:54  Queen  
  22  2:03  Overlord  
  22  2:09  Zergling x2  
  22  2:11  Zergling x2  
  21  2:35  Zergling x8  
  25  2:41  Zergling x2  
  25  2:53  Zergling x4  
  27  3:03  Drone  
  27  3:04  Drone x3  
  31  3:07  Drone  
  32  3:21  Metabolic Boost  
  32  3:29  Spine Crawler  
  32  3:30  Drone  
  32  3:31  Drone x2  
  34  3:34  Drone  
  35  3:47  Roach Warren, Drone  
  35  3:55  Overlord  
  35  3:58  Overlord  
  35  4:04  Overlord  
  35  4:08  Extractor  
  34  4:11  Drone  
  35  4:23  Zergling x2  
  35  4:24  Zergling x8  
  39  4:38  Baneling Nest  
  38  4:43  Evolution Chamber  
  37  4:46  Evolution Chamber, Drone x4  
  37  4:51  Drone  
  41  4:53  Drone  
  42  5:08  Roach x3  
  48  5:16  Drone x2  
  48  5:17  Drone x2  
  52  5:22  Drone x2  
  52  5:23  Drone  
  55  5:48  Baneling  
  55  5:49  Baneling x12  
  47  6:49  Zergling x10  
  51  7:00  Zergling x2  
  51  7:01  Overlord x5  
  51  7:13  Baneling  
  51  7:18  Zergling x2  
  51  7:19  Zergling x6  
  54  7:24  Zergling x2  
  55  7:50  Hatchery  
Show
View Real Time Build Order
Export as new Build Order

wabbajack Zerg 

Build Orders: Pool First 

Get SALT Encoding   

  12  0:07  Extractor  
  11  0:22  Spawning Pool  
  11  0:26  Drone  
  11  0:32  Drone  
  12  0:43  Overlord  
  12  1:09  Zergling x6  
  15  1:21  Metabolic Boost  
  15  1:24  Zergling x2  
  16  1:37  Queen  
  18  1:44  Overlord  
  19  1:47  Drone  
  19  1:54  Drone  
  20  2:03  Drone  
  19  2:27  Zergling x2  
  19  2:28  Zergling x2  
  21  2:41  Hatchery  
  19  2:57  Queen  
  21  2:59  Drone x2  
  21  3:02  Drone x2  
  21  3:03  Drone  
  21  3:04  Overlord  
  26  3:15  Zergling x2  
  27  3:45  Overlord  
  27  3:46  Baneling Nest  
  27  3:47  Drone  
  27  3:48  Drone x3  
  30  3:55  Spine Crawler  
  29  4:11  Drone  
  29  4:12  Drone x3  
  33  4:25  Hatchery  
  32  4:38  Baneling x3  
  32  4:39  Baneling  
  32  4:41  Drone x8  
  40  4:49  Queen  
  42  4:53  Overlord  
  42  5:27  Roach Warren  
  39  6:06  Queen  
  39  6:08  Drone  
  42  6:17  Zergling x6  
  42  6:18  Zergling x42  
  65  6:21  Overlord x2  
  65  6:22  Overlord x2  
  28  6:52  Spine Crawler  
  27  6:57  Drone x3  
  27  6:58  Drone  
  27  6:59  Drone x9  
  36  7:21  Roach x6  
  36  7:22  Roach  
  50  7:26  Roach  
  51  7:40  Roach x3  
  51  7:41  Roach  
Tags
 
Add a new tag
Caveats
  • Supply blocks, unpowered buildings, or Contaminate may cause inaccurate times.
  • Supply counts are checked every 10 seconds.